 Dungeon Crawl Stone Soup version 0.28.0-53-g5a82cb258f (webtiles) character file.

Game seed: 16628589554708441638

751286 Labrat the Archmage (level 27, -2/227 HPs)
             Began as a Demigod Conjurer on Aug 16, 2022.
             Slain by Peloso's ghost (26 damage)
             ... on level 14 of a ziggurat on Aug 20, 2022.
             The game lasted 09:12:00 (157871 turns).

Labrat the Archmage (Demigod Conjurer)            Turns: 157871, Time: 09:12:01

Health: -2/227     AC: 28    Str: 35    XL:     27
Magic:  3/88       EV: 12    Int: 63    God:
Gold:   9172       SH:  6    Dex: 27    Spells: 4/80 levels left

rFire   + + +      SeeInvis .   G - +8 trident of Overwhelming Force {vamp, rCorr MP+9 Str+2 Int+2}
rCold   + + .      Faith    .   K - +1 buckler of Cowardice {MP+9 Str+5}
rNeg    + + .      Spirit   .   c - quicksilver dragon scales
rPois   +          Reflect  .   a - -2 hat of the Alchemist {rElec rPois rF+ rC+ rN+ Will+ rMut rCorr}
rElec   +          Harm     .   O - +2 cloak "Doirrox" {rF+++ Str+3}
rCorr   +          Rampage  .   U - +2 pair of gloves of the Gate {rN+ Str+3 Slay+3 Stlth-}
rMut    +                       A - +2 pair of boots of Makhleb's Regard {MP+9 Int+4 Dex+4}
Will    ++++.                   W - amulet "Vaijuax" {Regen+ Int+5 Dex+3}
Stlth   ++........              p - ring of Uhoaf {Str+6 Int+4 Stlth+}
HPRegen 1.27/turn               Y - ring "Hemaaff" {Wiz rElec rF- rC+ Dex+8}
MPRegen 0.51/turn

@: lethally poisoned (-2 -> -3), studying 4 skills
A: high MP 1, forlorn, divine attributes, iridescent scales 2
}: 4/15 runes: decaying, serpentine, slimy, silver
a: no special abilities


You were on level 14 of a ziggurat.
You visited 15 branches of the dungeon, and saw 66 of its levels.
You visited the Abyss 11 times.
You visited 1 bazaar.
You visited 1 ziggurat, and saw 14 of its levels.
You also visited: Gauntlet, Ice Cave and Desolation.

You collected 10863 gold pieces.
You spent 1691 gold pieces at shops.

Inventory:

Hand Weapons
 G - the +8 trident of Overwhelming Force (weapon) {vamp, rCorr MP+9 Str+2 Int+2}
   (You found it on level 1 of the Vaults)

   It occasionally heals its wielder for a portion of the damage dealt when it
   wounds a living foe.
   Str:       It affects your strength (+2).
   Int:       It affects your intelligence (+2).
   MP:        It affects your magic capacity (+9).
   rCorr:     It protects you from acid and corrosion.
 H - the +7 short sword of Hacluasm {flame, rN++ Will+}
   (You found it on level 13 of a ziggurat)

   It burns those it strikes, dealing additional fire damage.
   rN:        It greatly protects you from negative energy.
   Will:      It increases your willpower.
Missiles
 h - 14 curare-tipped darts
 L - 10 silver javelins
Armour
 a - the -2 hat of the Alchemist (worn) {rElec rPois rF+ rC+ rN+ Will+ rMut rCorr}
   (You bought it in a shop on level 2 of the Orcish Mines)

   rF:        It protects you from fire.
   rC:        It protects you from cold.
   rElec:     It insulates you from electricity.
   rPois:     It protects you from poison.
   rN:        It protects you from negative energy.
   rCorr:     It protects you from acid and corrosion.
   rMut:      It protects you from mutation.
   Will:      It increases your willpower.
 c - quicksilver dragon scales (worn)
 x - the +3 robe of Clouds {*Thunder rCloud rElec}
   (You found it on level 12 of a ziggurat)

   It occasionally creates storm clouds above nearby enemies.
   It grants its wearer immunity to clouds.
   rElec:     It insulates you from electricity.
 A - the +2 pair of boots of Makhleb's Regard (worn) {MP+9 Int+4 Dex+4}
   (You found it on level 1 of the Vaults)

   Int:       It affects your intelligence (+4).
   Dex:       It affects your dexterity (+4).
   MP:        It affects your magic capacity (+9).
 K - the +1 buckler of Cowardice (worn) {MP+9 Str+5}
   (You took it off a hell knight on level 4 of the Depths)

   Str:       It affects your strength (+5).
   MP:        It affects your magic capacity (+9).
 O - the +2 cloak "Doirrox" (worn) {rF+++ Str+3}
   (You found it on level 5 of the Vaults)

   Str:       It affects your strength (+3).
   rF:        It renders you almost immune to fire.
 U - the +2 pair of gloves of the Gate (worn) {rN+ Str+3 Slay+3 Stlth-}
   (You found it in a Gauntlet)

   Str:       It affects your strength (+3).
   Slay:      It affects your accuracy & damage with ranged weapons and melee
   (+3).
   rN:        It protects you from negative energy.
   Stlth:     It makes you less stealthy.
Jewellery
 j - the amulet of False Pretenses {Reflect rElec rPois rN+ SH+5}
   (You found it on level 7 of a ziggurat)

   [amulet of reflection]

   It reflects blocked missile attacks.
   rElec:     It insulates you from electricity.
   rPois:     It protects you from poison.
   rN:        It protects you from negative energy.
   SH:        It affects your SH (+5).
 p - the ring of Uhoaf (left hand) {Str+6 Int+4 Stlth+}
   (You found it on level 3 of the Realm of Zot)

   [ring of strength]

   Str:       It affects your strength (+6).
   Int:       It affects your intelligence (+4).
   Stlth:     It makes you more stealthy.
 r - the amulet of Desip {RegenMP +Blink rPois rC++ Dex-3}
   (You found it on level 9 of a ziggurat)

   [amulet of magic regeneration]

   It increases your rate of magic regeneration.
   Dex:       It affects your dexterity (-3).
   rC:        It greatly protects you from cold.
   rPois:     It protects you from poison.
   +Blink:    It lets you blink.
 u - an amulet of magic regeneration
 C - a ring of poison resistance
 W - the amulet "Vaijuax" (around neck) {Regen+ Int+5 Dex+3}
   (You found it on level 3 of the Crypt)

   [amulet of regeneration]

   Int:       It affects your intelligence (+5).
   Dex:       It affects your dexterity (+3).
   Regen:     It increases your rate of health regeneration.
 Y - the ring "Hemaaff" (right hand) {Wiz rElec rF- rC+ Dex+8}
   (You took it off a frost giant on level 5 of the Vaults)

   [ring of wizardry]

   It improves your spell success rate.
   Dex:       It affects your dexterity (+8).
   rF:        It makes you vulnerable to fire.
   rC:        It protects you from cold.
   rElec:     It insulates you from electricity.
Wands
 i - a wand of paralysis (55)
 z - a wand of flame (62)
 I - a wand of acid (38)
 M - a wand of mindburst (13)
 Q - a wand of charming (14)
 S - a wand of iceblast (28)
Scrolls
 d - 5 scrolls of fog
 f - 6 scrolls of fear
 g - 3 scrolls of amnesia
 k - a scroll of enchant armour
 J - 14 scrolls of teleportation
 P - a scroll of blinking
 R - 5 scrolls of holy word
 X - 4 scrolls of summoning
Potions
 e - 2 potions of experience
 l - 6 potions of brilliance
 m - 10 potions of cancellation
 o - 13 potions of curing
 s - 4 potions of invisibility
 t - 4 potions of magic
 v - 3 potions of haste
 w - 7 potions of resistance
 B - 4 potions of mutation
 D - 10 potions of heal wounds
 E - a potion of might
Miscellaneous
 b - a phial of floods
 n - a box of beasts
 q - a condenser vane
 y - a lightning rod (4/4)
 F - a phantom mirror
 Z - the horn of Geryon


   Skills:
 - Level 15.0 Fighting
 - Level 15.0 Armour
 - Level 1.7 Dodging
 - Level 1.7 Stealth
 O Level 27 Spellcasting
 - Level 18.0 Conjurations
 - Level 3.0 Translocations
 + Level 7.9 Fire Magic
 - Level 20.0 Ice Magic
 - Level 19.0 Earth Magic
 - Level 3.0 Poison Magic
 - Level 20.0 Evocations


You had 4 spell levels left.
You knew the following spells:

 Your Spells              Type           Power      Damage    Failure   Level
a - Iron Shot             Conj/Erth      72%        9d13      0%          6
b - Lee's Rapid Deconstr  Erth           72%        3d34*     0%          5
c - Iskenderun's Mystic   Conj/Tloc      100%       2d19      0%          4
d - Spellforged Servitor  Conj/Summ      57%        N/A       1%          7
e - Polar Vortex          Ice            73%        N/A       1%          9
f - Borgnjor's Vile Clut  Necr/Erth      58%        N/A       1%          5
g - Fire Storm            Conj/Fire      64%        8d16      21%         9
i - Orb of Destruction    Conj           71%        9d16      1%          7
k - Ozocubu's Refrigerat  Ice            73%        4d19      1%          7
l - Lehudib's Crystal Sp  Conj/Erth      72%        10d16     1%          8
S - Shatter               Erth           72%        3d53*     1%          9

Your spell library contained the following spells:

 Spells                   Type           Power      Damage    Failure   Level
 Foxfire                  Conj/Fire      100%       2x1d9     0%          1
 Freeze                   Ice            100%       1d11      0%          1
 Magic Dart               Conj           100%       1d8       0%          1
 Sandblast                Erth           100%       2d20      0%          1
 Shock                    Conj/Air       100%       1d9       0%          1
 Ensorcelled Hibernation  Hex/Ice        100%       N/A       0%          2
 Passwall                 Tmut/Erth      97%        N/A       0%          2
 Scorch                   Fire           100%       2d10      0%          2
 Searing Ray              Conj           100%       2d8       0%          2
 Static Discharge         Conj/Air       100%       N/A       0%          2
 Conjure Flame            Conj/Fire      100%       6-21      0%          3
 Dazzling Flash           Conj/Hex       100%       N/A       0%          3
 Frozen Ramparts          Ice            100%       1d12      0%          3
 Mephitic Cloud           Conj/Pois/Air  100%       N/A       0%          3
 Ozocubu's Armour         Ice            100%       N/A       0%          3
 Stone Arrow              Conj/Erth      100%       3d13      0%          3
 Hailstorm                Conj/Ice       100%       3d20      0%          4
 Leda's Liquefaction      Hex/Erth       58%        N/A       0%          4
 Petrify                  Tmut/Erth      100%       N/A       0%          4
 Sticky Flame             Conj/Fire      100%       2d11      0%          4
 Animate Skeleton         Necr           100%       N/A       1%          1
 Apportation              Tloc           100%       N/A       1%          1
 Beastly Appendage        Tmut           100%       N/A       1%          1
 Pain                     Necr           100%       1d9       1%          1
 Slow                     Hex            100%       N/A       1%          1
 Sting                    Tmut/Pois      100%       1d8       1%          1
 Summon Small Mammal      Summ           100%       N/A       1%          1
 Blink                    Tloc           100%       N/A       1%          2
 Call Imp                 Summ           71%        N/A       1%          2
 Corpse Rot               Necr/Air       100%       N/A       1%          2
 Poisonous Vapours        Pois/Air       100%       N/A       1%          2
 Sublimation of Blood     Necr           71%        N/A       1%          2
 Wereblood                Tmut           71%        N/A       1%          2
 Confusing Touch          Hex            71%        N/A       1%          3
 Gell's Gravitas          Tloc           89%        N/A       1%          3
 Ignite Poison            Fire/Tmut/Pois 92%        N/A       1%          3
 Inner Flame              Hex/Fire       94%        N/A       1%          3
 Lesser Beckoning         Tloc           89%        N/A       1%          3
 Portal Projectile        Hex/Tloc       100%       N/A       1%          3
 Spider Form              Tmut/Pois      81%        N/A       1%          3
 Summon Guardian Golem    Hex/Summ       71%        N/A       1%          3
 Swiftness                Air            71%        N/A       1%          3
 Teleport Other           Tloc           89%        N/A       1%          3
 Vampiric Draining        Necr           71%        2d11      1%          3
 Airstrike                Air            35%        N/A       1%          4
 Anguish                  Hex/Necr       35%        N/A       1%          4
 Animate Dead             Necr           35%        N/A       1%          4
 Cause Fear               Hex            35%        N/A       1%          4
 Dispel Undead            Necr           71%        3d24      1%          4
 Fulminant Prism          Conj/Hex       57%        3d25      1%          4
 Olgreb's Toxic Radiance  Pois           89%        N/A       1%          4
 Passage of Golubria      Tloc           89%        N/A       1%          4
 Summon Lightning Spire   Summ/Air       71%        N/A       1%          4
 Fireball                 Conj/Fire      64%        3d24      0%          5
 Freezing Cloud           Conj/Ice/Air   63%        6-21      0%          5
 Iskenderun's Battlesphe  Conj           100%       2d15      0%          5
 Agony                    Necr           71%        N/A       1%          5
 Alistair's Intoxication  Tmut/Pois      54%        N/A       1%          5
 Blade Hands              Tmut           35%        N/A       1%          5
 Excruciating Wounds      Necr           35%        N/A       1%          5
 Irradiate                Conj/Tmut      57%        3d33      1%          5
 Lightning Bolt           Conj/Air       57%        1d80      1%          5
 Manifold Assault         Tloc           89%        N/A       1%          5
 Metabolic Englaciation   Hex/Ice        59%        N/A       1%          5
 Silence                  Hex/Air        35%        N/A       1%          5
 Summon Forest            Summ/Tloc      40%        N/A       1%          5
 Summon Mana Viper        Hex/Summ       71%        N/A       1%          5
 Yara's Violent Unravell  Hex/Tmut       35%        3d14      1%          5
 Conjure Ball Lightning   Conj/Air       57%        3x3d21    1%          6
 Dispersal                Tloc           44%        N/A       1%          6
 Simulacrum               Ice/Necr       59%        N/A       1%          6
 Starburst                Conj/Fire      64%        6d17      1%          6
 Statue Form              Tmut/Erth      78%        N/A       1%          6
 Eringya's Noxious Bog    Tmut/Pois      40%        N/A       3%          6
 Death Channel            Necr           35%        N/A       6%          6
 Summon Cactus Giant      Summ           35%        N/A       6%          6
 Ignition                 Fire           55%        3d15      11%         8
 Malign Gateway           Summ/Tloc      40%        N/A       19%         7
 Dragon Form              Tmut           35%        N/A       32%         7
 Enfeeble                 Hex            35%        N/A       32%         7
 Haunt                    Necr/Summ      35%        N/A       32%         7
 Monstrous Menagerie      Summ           35%        N/A       32%         7
 Storm Form               Tmut/Air       35%        N/A       32%         7
 Summon Hydra             Summ           35%        N/A       32%         7
 Disjunction              Tloc           44%        N/A       58%         8
 Chain Lightning          Conj/Air       57%        3d76      69%         9
 Borgnjor's Revivificati  Necr           35%        N/A       93%         8
 Discord                  Hex            35%        N/A       93%         8
 Infestation              Necr           35%        N/A       93%         8
 Maxwell's Capacitive Co  Air            35%        ∞         93%         8
 Necromutation            Tmut/Necr      35%        N/A       93%         8
 Summon Horrible Things   Summ           35%        N/A       93%         8
 Death's Door             Necr           35%        N/A       100%        9


Dungeon Overview and Level Annotations

Branches:
Dungeon (15/15)            Temple (1/1) D:7            Lair (6/6) D:9
  Swamp (4/4) Lair:2        Snake (4/4) Lair:2        Slime (5/5) Lair:6
    Orc (2/2) D:12            Elf (3/3) Orc:2        Vaults (5/5) D:13
  Crypt (3/3) Vaults:2       Tomb (1/3) Crypt:3      Depths (4/4) D:15
   Hell (visited)             Dis (0/7) Hell            Geh (7/7) Hell
    Coc (0/7) Hell            Tar (0/7) Hell            Zot (5/5) Depths:4
  IceCv (visited)         Desolation (visited)      Gauntlet (visited)

Shops:
Orc:2 ?*:[   Elf:3 :*?[=   Snake:2 :   Vaults:3 =   Depths:1 [?[   Depths:3 *

Portals:
Hell: Depths:1 Depths:2 Depths:3 Depths:4
Abyss: Depths:3
Pandemonium: Depths:2

Annotations:
Zig:14 DildoBatman's ghost, legendary FoCj; P0WERM0DE's ghost, veteran DrIE; Peloso's ghost, legendary MiFi


Innate Abilities, Weirdness & Mutations

You have an increased reservoir of magic. (+10% MP)
You shall have no god before yourself.
Your divine heritage dramatically boosts your attributes as you level up.
You are mostly covered in iridescent scales. (AC +4)


Message History

Blink to where?
Press: ? - help, Dir - move target
As you read the scroll of blinking, it crumbles to dust.
You can drink potions again.
You feel very sick.
Casting: Shatter (dangerous; 1% risk of failure)
Confirm with . or Enter, or press ? or * to list all spells.
Aiming: Orb of Destruction (safe; 1% risk of failure)
Press: ? - help, Shift-Dir - straight line, f - Peloso's ghost
Aim: Peloso's ghost, wielding a weapon of freezing (moderately damaged)
The winds around you calm down.
You feel sick.
Unknown command.
You feel better.
Unknown command.
Casting: Orb of Destruction (safe; 1% risk of failure)
Confirm with . or Enter, or press ? or * to list all spells.
Aiming: Lehudib's Crystal Spear (mildly dangerous; 1% risk of failure)
Press: ? - help, Shift-Dir - straight line, f/p - Peloso's ghost
Aim: Peloso's ghost, wielding a weapon of freezing (magical condensation, moderately damaged, ally target, 69% to hit)
The crystal spear hits Peloso's ghost!!!!
Peloso's ghost is severely damaged.
* * * LOW HITPOINT WARNING * * *
Casting: Lehudib's Crystal Spear (mildly dangerous; 1% risk of failure)
Confirm with . or Enter, or press ? or * to list all spells.
Aiming: Lehudib's Crystal Spear (mildly dangerous; 1% risk of failure)
Press: ? - help, Shift-Dir - straight line, f/p - Peloso's ghost
Aim: Peloso's ghost, wielding a weapon of freezing (magical condensation, severely damaged, ally target, 69% to hit)
The crystal spear hits Peloso's ghost!!!
Peloso's ghost is almost destroyed.
* * * LOW HITPOINT WARNING * * *
Casting: Lehudib's Crystal Spear (mildly dangerous; 1% risk of failure)
Confirm with . or Enter, or press ? or * to list all spells.
You don't have enough magic to cast this spell.
You barely miss Peloso's ghost.
Peloso's ghost is almost destroyed.
* * * LOW HITPOINT WARNING * * *
You are poisoned.
Peloso's ghost hits you!!
You die...

▓▓ ▓▓▓.▓▓▓▓▓▓
.........▓▓▓
*..........▓▓
............▓▓▓
..............@......▓
.............W.......▓▓
......................▓▓
.......○...W...........▓
.......W○°°............▓
!)......WW.............▓
|)W.[..................▓▓
?°W).).z.............∩..▓
)D....○................▓▓


You could see a curse toe, an eidolon, DildoBatman's ghost, P0WERM0DE's ghost
(toxic aura) and 2 ghosts called Peloso.

Vanquished Creatures
  Dissolution (Slime:4)
  the Royal Jelly (Slime:5)
  Tiamat (Zot:3)
  7 dread liches
  8 ancient liches
  An orb of fire (Zot:5)
  Mennas (Depths:4)
  Mara (Vaults:3)
  2 juggernauts
  A royal mummy (Tomb:1)
  The ghost of Ulecsuczon the Impregnable, a veteran MiGl of Hepliaklqana (Crypt:1)
  Sojobo (Vaults:2)
  Bai Suzhen (Vaults:3)
  Frederick (Vaults:3)
  A shard shrike (Zig:13)
  Saint Roka (Depths:4)
  Boris (Depths:4)
  Margery (Vaults:2)
  The ghost of Nornya the Convoker, a veteran MfSu of Ashenzari (Vaults:4)
  Xtahua (Vaults:2)
  A caustic shrike (Depths:3)
  the Lernaean hydra (Swamp:4)
  Vashnia (Snake:4)
  Geryon (Hell)
  3 pandemonium lords
  6 curse toes
  15 golden dragons
  A profane servitor (Abyss:1)
  An electric golem (Zot:3)
  7 bone dragons
  3 Brimstone Fiends
  3 hellephants
  Jorgrun (D:11)
  11 Orb Guardians (Zot:5)
  4 Hell Sentinels
  7 Ice Fiends
  12 liches
  16 searing wretches
  14 tentacled monstrosities
  8 quicksilver dragons
  7 titans
  2 deep elf blademasters (Elf:3)
  The ghost of dvd2 the Tortoise, an adept TrBe of Trog (Swamp:4)
  2 deep elf master archers (Elf:3)
  A walking frostbound tome (Depths:4)
  31 acid blobs
  Asterion (Snake:1)
  Gastronok (D:12)
  5 Executioners
  9 death cobs
  20 tentacled starspawn
  12 ancient champions
  8 sphinxes
  An eldritch tentacle (Vaults:4)
  A thorn hunter (Swamp:2)
  10 tengu reavers
  22 shadow dragons
  Roxanne (Elf:2)
  Agnes (Elf:2)
  19 storm dragons
  4 demonspawn warmongers
  7 draconian monks
  7 revenants
  2 draconian knights
  7 nagarajas
  18 fire giants
  3 deep elf sorcerers
  12 frost giants
  5 draconian scorchers
  4 narguns (Zig:13)
  2 orc warlords
  Aizul (Snake:3)
  3 iron dragons
  2 daevas (Abyss:2)
  12 azure jellies
  16 rockslimes
  7 ghouls
  A juggernaut zombie (Abyss:3)
  17 balrugs
  3 caustic shrike zombies
  7 ghost moths
  4 deep elf elementalists (Elf:3)
  18 vault wardens
  7 cacodemons
  A draconian stormcaller (Zot:3)
  2 imperial myrmidons (Desolation)
  3 curse skulls
  2 spriggan defenders (Depths:3)
  2 draconian shifters
  2 caustic shrike skeletons
  17 stone giants
  6 war gargoyles
  23 ironbound preservers
  11 quicksilver oozes
  2 demonspawn corrupters
  10 draconian annihilators
  7 reapers
  40 very ugly things
  8 green draconians
  8 vampire knights
  A demonspawn blood saint (Zig:11)
  6 ironbound thunderhulks
  Azrael (D:12)
  4 deep elf annihilators
  44 starcursed masses
  4 eleionomae
  7 black draconians
  5 wendigos (Zig:13)
  3 lorocyprocas
  9 white draconians
  8 bunyips
  An entropy weaver (Vaults:3)
  10 deep elf demonologists
  4 demonspawn black suns
  9 dire elephants
  18 spark wasps
  A halazid warlock (Desolation)
  11 red draconians
  A minotaur (Gauntlet)
  16 purple draconians
  14 yellow draconians
  5 eidola
  A spark wasp (shapeshifter) (Depths:2)
  10 mummy priests (Tomb:1)
  2 crystal guardians
  11 deep elf death magi
  14 ettins
  5 deep elf high priests
  10 blizzard demons
  13 fire dragons
  4 shambling mangroves
  13 great orbs of eyes
  2 merfolk javelineers
  20 jiangshi
  Fannar (D:11)
  3 green deaths
  26 yaktaur captains
  9 rakshasas
  9 ragged hierophants (Desolation)
  4 spriggan zombies
  3 ghost crabs
  9 salamander tyrants
  8 ice dragons
  17 naga warriors
  A hell beast (Zig:12)
  6 boulder beetles
  A catoblepas (D:15)
  Harold (D:10)
  37 hydras
  39 vault guards
  7 ogre magi
  7 servants of whispers (Desolation)
  Erica (D:8)
  4 stokers
  A merfolk avatar (Zig:3)
  27 centaur warriors
  A juggernaut simulacrum (Hell)
  The ghost of anyiome the Nimble, a novice TrFi of the Shining One (D:7)
  5 ironbound frosthearts
  2 spriggan air magi (Depths:2)
  2 spriggan skeletons (Crypt:3)
  11 peacekeepers
  A fenstrider witch skeleton (Crypt:2)
  8 anacondas
  6 death knights
  37 dancing weapons
  5 tengu warriors
  10 death scarabs (Tomb:1)
  40 hell hogs
  2 death yaks (Lair:4)
  16 vampire magi
  A deep troll shaman (Depths:3)
  22 two-headed ogres
  10 alligators
  22 thrashing horrors
  5 deep troll earth magi
  A satyr (shapeshifter) (Vaults:5)
  7 spriggan berserkers
  A storm dragon zombie (Crypt:2)
  25 naga sharpshooters
  2 titan zombies
  The ghost of anyiome the Shield-Bearer, a novice TrFi of Qazlal (D:7)
  4 sun demons
  Nergalle (Orc:1)
  5 shock serpents
  36 hell knights
  19 deep elf knights
  13 soul eaters
  An iron troll (Depths:1)
  7 salamander mystics (Snake:4)
  23 wretched stars
  2 fire crabs
  4 goliath frogs
  13 skeletal warriors
  4 spatial maelstroms
  A storm dragon skeleton (Crypt:3)
  6 shadow wraiths
  7 sixfirhies
  2 shadow demons
  3 spriggan druids
  A fire crab (shapeshifter) (Abyss:2)
  A spark wasp zombie (Crypt:1)
  5 flayed ghosts
  51 deep trolls
  11 naga ritualists
  17 swamp dragons
  9 glowing orange brains
  An orb spider (Abyss:3)
  11 wizards
  15 bog bodies
  A spriggan simulacrum (Hell)
  28 ironbound convokers
  28 deep elf pyromancers
  A tengu zombie (Vaults:2)
  23 deep elf zephyrmancers
  A goliath frog zombie (Crypt:3)
  4 lindwurms (Vaults:2)
  11 deep elf archers
  8 phantasmal warriors
  6 orc knights
  19 mana vipers
  Pikel (D:4)
  12 necromancers
  11 harpies
  A sphinx zombie (Depths:2)
  A lindwurm (shapeshifter) (Depths:4)
  63 ugly things
  A frost giant zombie (Vaults:2)
  9 will-o-the-wisps
  An anaconda skeleton (Tomb:1)
  4 cyclopes
  7 spectral spriggans (Swamp:2)
  5 shining eyes
  A stone giant zombie (Depths:2)
  20 salamanders
  2 manticores (D:15)
  2 orc sorcerers
  6 worldbinders
  The ghost of Moto the Thaumaturge, a novice VSIE (D:8)
  A fire giant zombie (Vaults:2)
  A human skeleton (Vaults:2)
  An iron dragon skeleton (Abyss:2)
  24 moths of wrath
  A shock serpent zombie (Crypt:1)
  A manticore (shapeshifter) (Abyss:2)
  33 black mambas
  2 elephants (shapeshifter)
  Maurice (D:9)
  A frost giant skeleton (Vaults:2)
  12 rust devils
  A naga zombie (Abyss:3)
  8 eyes of devastation
  11 guardian serpents
  12 elephants
  2 torpor snails
  4 ice statues
  19 naga magi
  14 smoke demons
  21 vault sentinels
  3 stone giant skeletons
  4 apocalypse crabs (Abyss:3)
  3 orange demons
  A gargoyle (D:12)
  An alligator snapping turtle skeleton (Crypt:1)
  10 cane toads
  8 molten gargoyles
  3 unseen horrors
  4 centaur skeletons (D:11)
  A dire elephant zombie (Crypt:1)
  A naga skeleton (Crypt:3)
  5 rime drakes
  Psyche (D:10)
  3 demonic crawlers
  8 hellions
  A purple draconian zombie (Crypt:2)
  7 hellwings
  5 kobold demonologists
  6 ice devils
  10 freezing wraiths
  17 komodo dragons
  A redback zombie (D:11)
  9 tormentors
  A sea snake zombie (Hell)
  6 efreet
  8 guardian mummies (Tomb:1)
  2 sea snake skeletons
  56 yaktaurs
  5 anaconda simulacra
  A tengu conjurer (D:15)
  A merfolk (Zig:3)
  2 entropy weaver simulacra (IceCv)
  3 trolls (D:11)
  7 polar bears
  22 ancient zymes
  2 harpy zombies
  2 hydra zombies
  4 bloated husks
  21 hornets
  7 tyrant leeches
  A merfolk (shapeshifter) (Depths:1)
  A wind drake (Zig:3)
  2 spectral guardian serpents (Crypt:2)
  2 harpy skeletons (Abyss:3)
  2 red devils
  59 saltlings (Desolation)
  A tarantella zombie (Crypt:3)
  35 blink frogs
  20 raiju
  A culicivora zombie (Crypt:3)
  A raiju (shapeshifter) (Vaults:5)
  149 slime creatures
  A guardian serpent zombie (Crypt:2)
  An ice dragon zombie (Crypt:3)
  19 dream sheep
  3 centaur simulacra
  A hydra skeleton (Hell)
  2 alligator zombies
  18 flying skulls
  3 ice dragon skeletons
  8 air elementals
  A meliai zombie (D:11)
  An ettin skeleton (Crypt:3)
  40 small abominations
  4 dire elephant simulacra (IceCv)
  A spriggan (shapeshifter) (Depths:2)
  An alligator skeleton (Crypt:3)
  A shadow (Abyss:3)
  11 wraiths
  49 large abominations
  10 ynoxinuls
  24 spriggans
  2 vampires
  8 wyverns
  55 yaks
  Eustachio (D:6)
  7 fire bats
  8 water elementals
  9 fire elementals
  2 ushabtiu (Tomb:1)
  A basilisk (Lair:2)
  3 death yak simulacra
  7 golden eyes
  A steam dragon (Lair:3)
  4 redbacks
  7 chaos spawn
  8 neqoxecs
  4 vampire mosquitoes (D:14)
  Edmund (D:2)
  A harpy simulacrum (Tomb:1)
  A catoblepas simulacrum (Crypt:2)
  16 swamp worms
  A faun zombie (Crypt:1)
  2 wargs (Orc:2)
  70 nagas
  23 water moccasins
  A two-headed ogre zombie (Crypt:1)
  2 acid dragons
  2 floating eyes
  17 hell hounds
  A cane toad zombie (Crypt:1)
  A faun skeleton (Crypt:1)
  17 orc warriors
  Duvessa (D:6)
  8 swamp drakes
  2 sky beasts
  3 ice beasts
  5 black bears
  An ettin simulacrum (Depths:2)
  A necrophage (Crypt:1)
  35 ogres
  31 wolves
  4 boggarts (Lair:6)
  A snapping turtle skeleton (Crypt:3)
  16 centaurs
  2 lemures
  A yaktaur zombie (Crypt:1)
  7 kobold brigands
  3 gnoll sergeants
  Blork the orc (D:4)
  13 bullfrogs
  2 scorpions
  A yaktaur skeleton (Crypt:2)
  3 earth elementals
  4 two-headed ogre simulacra (D:13)
  A cane toad simulacrum (D:13)
  A water moccasin zombie (D:5)
  A warg zombie (Crypt:1)
  Dowan (D:6)
  5 killer bees (D:9)
  A water moccasin skeleton (D:4)
  A howler monkey (D:9)
  9 wights
  A polar bear skeleton (Crypt:1)
  4 electric eels
  4 centaur zombies
  2 lava snakes (Vaults:2)
  2 crimson imps
  A bullfrog zombie (D:5)
  2 quasits
  4 iron imps
  2 jellies
  A gnoll shaman (D:10)
  12 orc priests
  5 hounds
  Crazy Yiuf (D:5)
  2 bullfrog skeletons
  8 orc wizards
  12 iguanas
  A polar bear simulacrum (D:13)
  16 hell rats (Hell)
  2 human simulacra (D:10)
  8 mummies (Tomb:1)
  23 gnolls
  4 adders
  A naga simulacrum (D:13)
  A shadow imp (Abyss:3)
  12 white imps
  13 ufetubi
  2 worms (D:3)
  78 orcs
  4 bats
  2 endoplasms
  2 giant cockroaches (D:3)
  6 goblins
  4 hobgoblins
  8 jackals
  A quokka (D:3)
  5 ball pythons
  A dart slug zombie (Crypt:2)
  3 frilled lizards
  16 kobolds
  6 rats
  5 creeping infernos
  21 fire vortices
  4 lurking horrors
  19 starspawn tentacles
3605 creatures vanquished.

Vanquished Creatures (collateral kills)
  A dread lich (Abyss:2)
  2 orbs of fire (Zot:5)
  An Orb Guardian (Zot:5)
  A death cob (Zot:5)
  A storm dragon (Depths:2)
  A very ugly thing (Abyss:3)
  2 black draconians (Zot:4)
  A white draconian (Abyss:3)
  A purple draconian (Zot:4)
  An eidolon (Crypt:3)
  A blizzard demon (Zig:12)
  A great orb of eyes (Zig:5)
  An alligator (Zig:6)
  A spatial maelstrom (Abyss:2)
  A swamp dragon (Zig:6)
  A phantasmal warrior (Zig:5)
  An orange demon (Abyss:2)
  A raiju (Abyss:3)
  2 large abominations
  3 spatial vortices (Abyss:2)
  A small abomination (Abyss:3)
  A starcursed mass (Abyss:2)
27 creatures vanquished.

Vanquished Creatures (others)
  A lich (Depths:2)
  An anaconda skeleton (Hell)
  A will-o-the-wisp (Swamp:2)
  A centaur skeleton (Abyss:2)
  A raiju (Abyss:3)
  2 small abominations (Abyss:2)
  An iron imp (Abyss:1)
  An orc (Elf:1)
  A bush (Lair:6)
  2 demonic plants (Abyss:3)
  36 foxfires
  54 fungi
  2 lurking horrors
  140 plants
  21 starspawn tentacles
  9 withered plants
274 creatures vanquished.

Grand Total: 3906 creatures vanquished

Notes
Turn   | Place    | Note
-------+----------+-------------------------------------------
     0 | D:1      | Labrat the Demigod Conjurer began the quest for the Orb.
     0 | D:1      | Reached XP level 1. HP: 14/14 MP: 5/5
   299 | D:1      | Reached skill level 2 in Spellcasting
   503 | D:1      | Noticed a great orb of eyes
   507 | D:1      | Reached XP level 2. HP: 20/20 MP: 4/7
   541 | D:1      | Noticed a great orb of eyes
   549 | D:1      | Noticed a great orb of eyes
   566 | D:1      | Noticed a great orb of eyes
  1466 | D:2      | Reached XP level 3. HP: 26/26 MP: 0/9
  1469 | D:2      | Learned a level 2 spell: Searing Ray
  2059 | D:3      | Reached skill level 3 in Spellcasting
  2059 | D:3      | Reached XP level 4. HP: 33/33 MP: 2/11
  2600 | D:3      | Identified the +5 quarterstaff of Exoneration {freeze, rF-
                  | MP+9 Int+8 Stlth-}
  3460 | D:4      | Reached XP level 5. HP: 38/38 MP: 1/13
  3677 | D:4      | Reached skill level 5 in Conjurations
  3721 | D:4      | Noticed Edmund
  4395 | D:4      | Noticed Pikel
  4741 | D:4      | Noticed Blork the orc
  4745 | D:4      | Killed Blork the orc
  4746 | D:4      | Reached skill level 4 in Spellcasting
  4989 | D:4      | Reached XP level 6. HP: 37/45 MP: 7/16
  5859 | D:5      | Entered Level 5 of the Dungeon
  6035 | D:5      | Reached skill level 5 in Spellcasting
  6035 | D:5      | Reached skill level 1 in Fighting
  6040 | D:5      | Learned a level 4 spell: Iskenderun's Mystic Blast
  6045 | D:5      | Learned a level 4 spell: Olgreb's Toxic Radiance
  6263 | D:5      | Noticed a yak
  6360 | D:5      | Noticed a yak
  6360 | D:5      | Noticed a yak
  6361 | D:5      | Noticed a yak
  6361 | D:5      | Noticed a yak
  6390 | D:4      | Killed Pikel
  6391 | D:4      | Reached skill level 5 in Fighting
  6391 | D:4      | Reached skill level 1 in Poison Magic
  6391 | D:4      | Reached XP level 7. HP: 41/61 MP: 4/17
  6535 | D:2      | Killed Edmund
  6659 | D:5      | Killed a yak
  6660 | D:5      | Reached skill level 1 in Translocations
  6660 | D:5      | Reached XP level 8. HP: 66/68 MP: 10/19
  6909 | D:5      | Found a runed translucent door.
  6910 | D:5      | Noticed Crazy Yiuf
  7446 | D:5      | Reached skill level 6 in Spellcasting
  8037 | D:5      | Reached XP level 9. HP: 74/74 MP: 14/22
  8135 | D:5      | Killed Crazy Yiuf
  8391 | D:6      | Noticed Eustachio
  8409 | D:6      | Killed Eustachio
  8584 | D:6      | Noticed Dowan
  8603 | D:6      | Killed Dowan
  8886 | D:6      | Reached skill level 7 in Spellcasting
  9183 | D:6      | Noticed Duvessa
  9202 | D:6      | Killed Duvessa
 10246 | D:7      | Found a staircase to the Ecumenical Temple.
 10256 | D:7      | Found a runed translucent gate.
 10256 | D:7      | Found a runed translucent gate.
 10256 | D:7      | Found a runed translucent gate.
 10261 | Temple   | Entered the Ecumenical Temple
 10276 | D:7      | Noticed anyiome's ghost (novice TrFi)
 10276 | D:7      | Noticed anyiome's ghost (novice TrFi)
 10998 | D:8      | Got the Disquisition on the Entourage and Evil Arts
 11128 | D:8      | Found a large runed translucent door.
 11128 | D:8      | Found a large runed translucent door.
 11130 | D:8      | Noticed Moto's ghost (novice VSIE)
 11239 | D:8      | Noticed Erica
 11331 | D:8      | Reached skill level 8 in Spellcasting
 11574 | D:8      | Reached skill level 1 in Evocations
 11727 | D:8      | Noticed a deep elf pyromancer
 12511 | D:8      | Killed a deep elf pyromancer
 12638 | D:8      | Killed Erica
 12639 | D:8      | Reached XP level 10. HP: 80/83 MP: 0/26
 12857 | D:9      | Noticed a smoke demon
 13158 | D:9      | Reached skill level 5 in Evocations
 13494 | D:9      | Noticed Maurice
 13997 | D:9      | Killed Maurice
 14339 | D:9      | Found a staircase to the Lair.
 14367 | D:10     | Entered Level 10 of the Dungeon
 14439 | D:10     | Noticed Psyche
 14447 | D:10     | Killed Psyche
 14448 | D:10     | Reached skill level 9 in Spellcasting
 14800 | D:10     | Reached XP level 11. HP: 90/94 MP: 8/28
 15497 | D:10     | Noticed Harold
 15613 | D:10     | Reached skill level 10 in Spellcasting
 16083 | D:11     | Noticed a boulder beetle
 16135 | D:11     | Noticed a centaur warrior
 16476 | D:11     | Noticed a boulder beetle
 17120 | D:11     | Killed a centaur warrior
 17384 | D:11     | Reached skill level 11 in Spellcasting
 17577 | D:11     | Noticed Fannar
 17704 | D:11     | Killed a boulder beetle
 17862 | D:10     | Killed a boulder beetle
 18194 | D:11     | Reached skill level 12 in Spellcasting
 18356 | D:11     | Found the +4 Cigotuvi's embrace {rMiasma Drain rN+}
 18445 | Lair:1   | Entered Level 1 of the Lair of Beasts
 18744 | Lair:1   | Noticed a boulder beetle
 19353 | Lair:1   | Reached XP level 12. HP: 82/101 MP: 10/33
 19650 | Lair:1   | Killed a boulder beetle
 20592 | Lair:1   | Reached skill level 13 in Spellcasting
 20942 | Lair:2   | Noticed an eight-headed hydra
 20987 | Lair:2   | Killed an eight-headed hydra
 22325 | Lair:2   | Found a staircase to the Snake Pit.
 22592 | Lair:2   | Noticed a six-headed hydra
 22604 | Lair:2   | Killed a six-headed hydra
 22605 | Lair:2   | Reached skill level 14 in Spellcasting
 22801 | Lair:2   | Noticed an eight-headed hydra
 22815 | Lair:2   | Killed an eight-headed hydra
 23235 | Lair:2   | Found a staircase to the Swamp.
 23275 | Lair:3   | Noticed a four-headed hydra
 23286 | Lair:3   | Killed a four-headed hydra
 23981 | Lair:3   | Reached XP level 13. HP: 81/107 MP: 29/36
 25240 | D:7      | Killed anyiome's ghost
 25241 | D:7      | Killed anyiome's ghost
 25337 | D:8      | Killed Moto's ghost
 25338 | D:8      | Reached skill level 15 in Spellcasting
 27054 | Lair:4   | Reached skill level 10 in Fighting
 28755 | Lair:5   | You fall into a shaft and drop 1 floor!
 28755 | Lair:6   | Entered Level 6 of the Lair of Beasts
 28801 | Lair:6   | Found a gate leading to a gauntlet.
 28806 | Lair:6   | Found a runed translucent door.
 28813 | Gauntlet | Entered a Gauntlet
 28813 | Gauntlet | Found a transporter.
 28813 | Gauntlet | Found a transporter.
 28921 | Gauntlet | Found a transporter.
 28925 | Gauntlet | Found a transporter.
 28935 | Gauntlet | Found a transporter.
 28939 | Gauntlet | Found a transporter.
 28941 | Gauntlet | Found a large runed translucent door.
 28942 | Gauntlet | Found a large runed translucent door.
 28943 | Gauntlet | Found a large runed translucent door.
 28943 | Gauntlet | Found a large runed translucent door.
 28943 | Gauntlet | Found a runed translucent door.
 28943 | Gauntlet | Found a runed translucent door.
 28944 | Gauntlet | Found a large runed translucent door.
 28945 | Gauntlet | Found a large runed translucent door.
 28946 | Gauntlet | Found a large runed translucent door.
 28946 | Gauntlet | Found a large runed translucent door.
 28947 | Gauntlet | Found a runed translucent gate.
 28947 | Gauntlet | Found a runed translucent gate.
 28947 | Gauntlet | Found a runed translucent gate.
 28949 | Gauntlet | Found a transporter.
 28958 | Gauntlet | Found a large runed translucent door.
 28958 | Gauntlet | Found a large runed translucent door.
 28959 | Gauntlet | Found a large runed translucent door.
 28960 | Gauntlet | Found a large runed translucent door.
 28970 | Gauntlet | Found a transporter.
 28987 | Gauntlet | Found a transporter.
 29003 | Gauntlet | Found a transporter.
 29005 | Gauntlet | Found a transporter.
 29049 | Gauntlet | Found a transporter.
 29055 | Gauntlet | Found a large runed translucent door.
 29056 | Gauntlet | Found a large runed translucent door.
 29057 | Gauntlet | Found a large runed translucent door.
 29057 | Gauntlet | Found a large runed translucent door.
 29323 | Gauntlet | Identified the +2 pair of gloves of the Gate {rN+ Str+3
                  | Slay+3 Stlth-}
 29893 | Gauntlet | Learned a level 4 spell: Hailstorm
 29900 | Gauntlet | Noticed a minotaur
 29911 | Gauntlet | Killed a minotaur
 29927 | Gauntlet | Got the Compendium of Ashen Creation
 30516 | Lair:6   | Reached XP level 14. HP: 126/126 MP: 26/38
 31170 | Lair:5   | Reached skill level 10 in Conjurations
 31359 | Lair:5   | Learned a level 3 spell: Stone Arrow
 31612 | Lair:5   | Reached skill level 1 in Ice Magic
 31909 | Lair:5   | Found the +8 orange crystal plate armour {Archmagi, Int+3
                  | Clar}
 33416 | Lair:6   | Noticed an acid blob
 33417 | Lair:6   | Noticed an acid blob
 33595 | Lair:6   | Found a staircase to the Slime Pits.
 34441 | D:10     | Killed Harold
 34468 | D:11     | Killed Fannar
 34969 | D:12     | Noticed Azrael
 34975 | D:12     | Reached skill level 5 in Ice Magic
 35166 | D:12     | Noticed Gastronok
 35182 | D:12     | Killed Gastronok
 35421 | D:12     | Got Sif Muna's Incunabulum of Entrancing Attacks
 35766 | D:12     | Found a staircase to the Orcish Mines.
 35960 | D:12     | Noticed Jorgrun
 37078 | D:12     | Killed Azrael
 37786 | D:11     | Learned a level 3 spell: Mephitic Cloud
 37790 | D:11     | Learned a level 3 spell: Ignite Poison
 37798 | D:11     | Learned a level 7 spell: Orb of Destruction
 38272 | Orc:1    | Entered Level 1 of the Orcish Mines
 38586 | Orc:1    | Noticed Nergalle
 38593 | Orc:1    | Killed Nergalle
 38997 | Orc:2    | Entered Level 2 of the Orcish Mines
 39264 | Orc:2    | Found a staircase to the Elven Halls.
 39525 | Orc:1    | Reached XP level 15. HP: 94/132 MP: 6/39
 40733 | Orc:2    | Found Xoelussa's General Store.
 40733 | Orc:2    | Found Mineq's Magic Scroll Emporium.
 40734 | Orc:2    | Found Riequyl's Antique Armour Shoppe.
 40734 | Orc:2    | Found Deofa's Book Shop.
 40742 | Orc:2    | Bought a scroll of blinking for 82 gold pieces
 41024 | Orc:2    | Bought a scroll of teleportation for 51 gold pieces
 41152 | D:13     | Found a frozen archway.
 41466 | IceCv    | Entered an ice cave
 43079 | IceCv    | Got the Papyrus of the Snowflakes
 44072 | D:13     | Found a gate to the Vaults.
 44082 | D:13     | Reached skill level 15 in Conjurations
 44214 | D:13     | Noticed a shadow dragon
 45096 | D:14     | You fall into a shaft and drop 1 floor!
 45096 | D:15     | Entered Level 15 of the Dungeon
 45912 | D:15     | Found a staircase to the Depths.
 48545 | Lair:6   | Killed an acid blob
 48556 | Lair:6   | Killed an acid blob
 48924 | D:13     | Killed a shadow dragon
 48925 | D:13     | Reached XP level 16. HP: 123/139 MP: 2/41
 49159 | D:11     | Killed Jorgrun
 49279 | Snake:1  | Entered Level 1 of the Snake Pit
 50335 | Snake:1  | Learned a level 5 spell: Freezing Cloud
 50719 | Snake:1  | Reached skill level 10 in Evocations
 51571 | Snake:1  | Noticed Asterion
 51581 | Snake:1  | Gained mutation: You occasionally shout uncontrollably at
                  | your foes. [a cacodemon]
 51592 | Snake:1  | Killed Asterion
 51994 | Snake:2  | Reached skill level 16 in Spellcasting
 52421 | Snake:2  | Found Pivuzu Riso's Book Emporium.
 55205 | Snake:2  | Learned a level 7 spell: Ozocubu's Refrigeration
 56484 | Snake:3  | Noticed Aizul
 56500 | Snake:3  | Killed Aizul
 57614 | Snake:4  | Entered Level 4 of the Snake Pit
 58955 | Snake:4  | Reached XP level 17. HP: 72/146 MP: 13/43
 59437 | Snake:4  | Reached skill level 10 in Ice Magic
 60715 | Snake:4  | Reached skill level 17 in Spellcasting
 63130 | Snake:4  | Noticed Vashnia
 63424 | Snake:4  | Got a serpentine rune of Zot
 63637 | Snake:4  | Killed Vashnia
 64187 | Elf:1    | Entered Level 1 of the Elven Halls
 64191 | Elf:1    | Reached skill level 18 in Spellcasting
 65553 | Elf:1    | Paralysed by an air elemental for 1 turns
 65610 | Elf:1    | Paralysed by an air elemental for 1 turns
 66419 | Elf:1    | Found a runed translucent gate.
 66419 | Elf:1    | Found a runed translucent gate.
 66419 | Elf:1    | Found a runed translucent gate.
 66419 | Elf:1    | Found a runed translucent gate.
 66419 | Elf:1    | Found a runed translucent gate.
 66420 | Elf:1    | Found a runed translucent gate.
 66825 | Elf:2    | Found a crumbling gateway.
 66926 | Desolati | Entered the Desolation of Salt
 66989 | Desolati | Identified the ring of the Median {Will- MP+9 Str+3 Dex+6}
 67577 | Desolati | Identified the amulet "Riozuoti" {Acrobat Harm Int+6}
 67586 | Desolati | Got Yneczoos's Papyrus of Ashen Conjuration
 67648 | Desolati | Learned a level 5 spell: Lee's Rapid Deconstruction
 67786 | Desolati | Reached XP level 18. HP: 133/154 MP: 17/46
 67888 | Desolati | Found the +2 hat of the Bear Spirit {Spirit, *Rage Will++}
 68017 | Desolati | Reached skill level 1 in Earth Magic
 68188 | Desolati | Got Sif Muna's Catalogue of Dusty Evil
 68707 | Desolati | Got Erabirgh's Reference Book on Transmutation
 68928 | Desolati | Learned a level 5 spell: Borgnjor's Vile Clutch
 70042 | Desolati | Identified the +7 dagger of Defenestration {antimagic,
                  | rPois rC+ Str+2}
 70266 | Desolati | Identified the ring of Disaster {+Blink MP+9}
 70556 | Desolati | Identified the ring of Cosem {Ice rElec Int-5 SInv}
 70716 | Desolati | Identified the amulet of Xagram Oschic {Faith rN++}
 71629 | Elf:2    | Paralysed by an air elemental for 1 turns
 72591 | Elf:2    | Reached skill level 19 in Spellcasting
 72632 | Elf:2    | Found a runed translucent gate.
 72632 | Elf:2    | Found a runed translucent gate.
 72632 | Elf:2    | Found a runed translucent gate.
 72803 | Elf:2    | Paralysed by an air elemental for 1 turns
 73364 | Elf:2    | Reached skill level 5 in Earth Magic
 73672 | Elf:2    | Noticed Roxanne
 73675 | Elf:2    | Killed Roxanne
 74274 | Elf:2    | Noticed Agnes
 74276 | Elf:2    | Killed Agnes
 75297 | Elf:3    | Entered Level 3 of the Elven Halls
 75297 | Elf:3    | Found Juystrikk's Jewellery Shoppe.
 75727 | Elf:3    | Found Ucraupnu's Assorted Antiques.
 75738 | Elf:3    | Found Lusal's Magic Scroll Emporium.
 75774 | Elf:3    | Found Rain's Armour Shop.
 76062 | Elf:3    | Bought a scroll of blinking for 142 gold pieces
 76075 | Elf:3    | Found Odeb's Book Shoppe.
 77121 | Elf:3    | Paralysed by an air elemental for 1 turns
 77124 | Elf:3    | Paralysed by an air elemental for 1 turns
 77215 | Elf:3    | Reached XP level 19. HP: 160/160 MP: 29/48
 77624 | Elf:3    | Identified the ring of Supnan {Fly rPois rF+ rC+ Dex-4}
 78771 | Elf:3    | Got Eringya's Collected Works on Poisoning and Moulding
 79249 | Swamp:1  | Entered Level 1 of the Swamp
 79481 | Swamp:1  | Reached skill level 20 in Spellcasting
 82344 | Swamp:2  | Identified the -3 pair of boots of the Wicked Jabberwock
                  | {Int+2}
 83546 | Swamp:4  | Entered Level 4 of the Swamp
 83803 | Swamp:4  | Noticed dvd2's ghost (adept TrBe)
 83878 | Swamp:4  | Found a runed translucent door.
 85553 | Swamp:4  | Reached XP level 20. HP: 173/173 MP: 22/50
 85720 | Swamp:4  | Noticed the 27-headed Lernaean hydra
 85727 | Swamp:4  | Killed the 27-headed Lernaean hydra
 85901 | Swamp:4  | Got a decaying rune of Zot
 86027 | Swamp:4  | Killed dvd2's ghost
 86445 | Depths:1 | Entered Level 1 of the Depths
 86550 | Depths:1 | Found a one-way gateway to a ziggurat.
 87164 | Depths:1 | Noticed a juggernaut
 87521 | Vaults:1 | Entered Level 1 of the Vaults
 88976 | Vaults:1 | Reached skill level 15 in Evocations
 88980 | Vaults:1 | Reached skill level 15 in Fighting
 88980 | Vaults:1 | Reached skill level 1 in Armour
 89128 | Vaults:1 | Identified the +2 pair of boots of Makhleb's Regard {MP+9
                  | Int+4 Dex+4}
 89271 | Vaults:1 | Identified a scroll of acquirement
 89860 | Vaults:1 | Identified the +8 trident of Overwhelming Force {vamp,
                  | rCorr MP+9 Str+2 Int+2}
 90245 | Vaults:1 | Reached skill level 5 in Armour
 91122 | Vaults:2 | Noticed Sojobo
 91128 | Vaults:2 | Killed Sojobo
 91205 | Vaults:2 | Found a staircase to the Crypt.
 91225 | Vaults:2 | Found a flickering gateway to a bazaar.
 91242 | Bazaar   | Entered a bazaar
 91242 | Bazaar   | Found Meamekud's Assorted Antiques.
 91242 | Bazaar   | Found Vuyrakan's Assorted Antiques.
 91242 | Bazaar   | Found Gudu's Book Shoppe.
 91244 | Bazaar   | Found Mamyra's Antique Armour Boutique.
 91244 | Bazaar   | Found Ixauqypt's Antique Weapon Shoppe.
 91540 | Vaults:2 | Got the Almanac of the Volcanoes
 92282 | Vaults:2 | Reached XP level 21. HP: 177/184 MP: 52/52
 92706 | Vaults:2 | Noticed Xtahua
 93253 | Vaults:2 | Reached skill level 21 in Spellcasting
 93714 | Vaults:2 | Paralysed by Xtahua for 6 turns
 93946 | Vaults:2 | Noticed Margery
 93953 | Vaults:2 | Killed Margery
 94245 | Vaults:2 | Killed Xtahua
 94520 | Vaults:3 | Noticed Frederick
 94524 | Vaults:3 | Killed Frederick
 94750 | Vaults:3 | Found Weneifod's Jewellery Shop.
 94800 | Vaults:3 | Noticed Bai Suzhen
 94805 | Vaults:3 | Killed Bai Suzhen
 94928 | Vaults:3 | Noticed Mara
 94937 | Vaults:3 | Noticed Labrat's illusion
 95834 | Vaults:3 | Reached skill level 22 in Spellcasting
 96802 | Vaults:3 | Noticed Labrat's illusion
 96805 | Vaults:3 | Killed Mara
 97378 | Vaults:3 | Lost mutation: You occasionally shout uncontrollably at
                  | your foes. [potion of mutation]
 97378 | Vaults:3 | Gained mutation: Your mind is acute. (Int +2) [potion of
                  | mutation]
 97378 | Vaults:3 | Gained mutation: You have a pair of small horns on your
                  | head. [potion of mutation]
 98119 | Vaults:4 | Cast into level 3 of the Abyss (a wizard)
 98432 | Vaults:4 | Escaped the Abyss
 98681 | Vaults:4 | Reached XP level 22. HP: 192/192 MP: 42/55
 98686 | Vaults:4 | Reached skill level 23 in Spellcasting
100260 | Vaults:4 | Found a transporter.
100265 | Vaults:4 | Noticed Nornya's ghost (veteran MfSu)
100272 | Vaults:4 | Identified the ring "Unuax" {Fly rC+ rCorr Str-2}
100283 | Vaults:4 | Identified the +9 flail "Zefubb" {flame, rF+ Dex+3}
100293 | Vaults:4 | Found a transporter.
101165 | Depths:1 | Killed a juggernaut
101435 | Depths:1 | Found a gateway to Hell.
101465 | Depths:1 | Identified the +1 pair of boots "Amutzir" {rC+}
101710 | Depths:1 | Found Qofif's Armour Boutique.
101725 | Depths:1 | Found Ironekhuo's Magic Scroll Shop.
101727 | Depths:1 | Found Domel's Armour Boutique.
102259 | Depths:1 | Identified the ring of Oxihoh {Str+2 SInv}
102596 | Depths:2 | Identified the +3 quarterstaff of Kismet {spect, *Slow rN+
                  | Str+10 Dex+4}
102758 | Depths:2 | Reached skill level 24 in Spellcasting
103768 | Depths:2 | Noticed a juggernaut
103789 | Depths:2 | Killed a juggernaut
104993 | Depths:2 | Found a one-way gate leading to the halls of Pandemonium.
105368 | Depths:3 | Found a one-way gate to the infinite horrors of the Abyss.
105559 | Depths:3 | Reached skill level 25 in Spellcasting
106220 | Depths:3 | Found Peshi's General Store.
106364 | Depths:3 | Noticed a caustic shrike
106373 | Depths:3 | Killed a caustic shrike
106465 | Depths:3 | Reached XP level 23. HP: 126/199 MP: 19/59
106766 | Depths:4 | Entered Level 4 of the Depths
106924 | Depths:4 | Noticed Boris
107060 | Depths:4 | Killed Boris
107540 | Depths:4 | Noticed Saint Roka
107554 | Depths:4 | Killed Saint Roka
107702 | Depths:4 | Noticed Mennas
107884 | Depths:4 | Found a gate to the Realm of Zot.
108369 | Depths:4 | Identified the +1 buckler of Cowardice {MP+9 Str+5}
108591 | Depths:4 | Killed Mennas
109348 | Vaults:5 | Entered Level 5 of the Vaults
109423 | Vaults:5 | Identified the +1 leather armour of Lyes {rC+ MP+9 Dex+2}
109440 | Vaults:5 | Cast into level 2 of the Abyss (a deep elf sorcerer)
109730 | Vaults:5 | Escaped the Abyss
110201 | Vaults:5 | Identified the +2 bardiche of Uchoded {vamp, Fragile rC++
                  | Dex+5}
110591 | Vaults:5 | Noticed a dread lich
110596 | Vaults:5 | Killed a dread lich
110780 | Vaults:5 | Got a silver rune of Zot
111353 | Vaults:5 | Reached skill level 26 in Spellcasting
111490 | Vaults:5 | Noticed a dread lich
111561 | Vaults:5 | Killed a dread lich
112045 | Vaults:5 | Identified the ring "Hemaaff" {Wiz rElec rF- rC+ Dex+8}
112323 | Vaults:5 | Identified the +12 mace "Agaweon" {elec, Fragile rCorr
                  | Int+4}
113346 | Vaults:5 | Identified the +1 ring mail of the Moon {Dex+3}
113447 | Vaults:5 | Reached XP level 24. HP: 206/206 MP: 60/60
113726 | Vaults:5 | Identified the +2 cloak "Doirrox" {rF+++ Str+3}
114020 | Hell     | Entered the Vestibule of Hell
114020 | Hell     | Noticed Geryon
114412 | Crypt:1  | Entered Level 1 of the Crypt
114412 | Crypt:1  | Found a transporter.
114438 | Crypt:1  | Learned a level 8 spell: Lehudib's Crystal Spear
114498 | Crypt:1  | Noticed Ulecsuczon's ghost (veteran MiGl)
114751 | Crypt:1  | Found a transporter.
117978 | Vaults:4 | Killed Nornya's ghost
117992 | Vaults:4 | HP: 5/201 [eldritch tentacle[Nornya's ghost] (12)]
119156 | Crypt:2  | Learned a level 7 spell: Spellforged Servitor
119693 | Crypt:2  | Identified the +6 scale mail of Uskayaw's Reproof {rElec
                  | Str+4 Dex-2}
120440 | Crypt:3  | Entered Level 3 of the Crypt
120440 | Crypt:3  | Found a huge runed gate.
120440 | Crypt:3  | Found a huge runed gate.
120440 | Crypt:3  | Found a huge runed gate.
120455 | Crypt:3  | Found a huge runed gate.
120456 | Crypt:3  | Found a huge runed gate.
120457 | Crypt:3  | Found a huge runed gate.
120458 | Crypt:3  | Found a huge runed gate.
120458 | Crypt:3  | Found a huge runed gate.
120458 | Crypt:3  | Found a huge runed gate.
120458 | Crypt:3  | Found a huge runed gate.
120458 | Crypt:3  | Found a huge runed gate.
120459 | Crypt:3  | Found a huge runed gate.
120460 | Crypt:3  | Found a huge runed gate.
120461 | Crypt:3  | Found a huge runed gate.
120462 | Crypt:3  | Found a huge runed gate.
120463 | Crypt:3  | Found a huge runed gate.
120464 | Crypt:3  | Found a huge runed gate.
120501 | Crypt:3  | Found a huge runed gate.
120502 | Crypt:3  | Found a huge runed gate.
120893 | Crypt:3  | Identified the +1 leather armour of Riefi {rPois}
120893 | Crypt:3  | Identified the ring of Duhun {rC++ rN+ rCorr Str-3}
121060 | Crypt:3  | Found a huge runed gate.
121060 | Crypt:3  | Found a huge runed gate.
121060 | Crypt:3  | Found a huge runed gate.
121060 | Crypt:3  | Found a huge runed gate.
121060 | Crypt:3  | Found a huge runed gate.
121060 | Crypt:3  | Found a huge runed gate.
121103 | Crypt:3  | Found a huge runed gate.
121104 | Crypt:3  | Found a huge runed gate.
121105 | Crypt:3  | Found a huge runed gate.
121106 | Crypt:3  | Found a huge runed gate.
121108 | Crypt:3  | Found a huge runed gate.
121109 | Crypt:3  | Found a huge runed gate.
121110 | Crypt:3  | Found a huge runed gate.
121143 | Crypt:3  | Found a huge runed gate.
121375 | Crypt:3  | Found a huge runed gate.
121375 | Crypt:3  | Found a huge runed gate.
121375 | Crypt:3  | Found a huge runed gate.
121435 | Crypt:3  | Found a staircase to the Tomb.
122083 | Crypt:3  | Noticed an ancient lich
122083 | Crypt:3  | Noticed a dread lich
122087 | Crypt:3  | Killed an ancient lich
122087 | Crypt:3  | Killed a dread lich
122207 | Crypt:3  | Identified the ring of Giepp {rF+ rN+ Stlth+}
122207 | Crypt:3  | Identified the amulet "Vaijuax" {Regen+ Int+5 Dex+3}
122227 | Crypt:3  | Noticed an ancient lich
122241 | Crypt:3  | Noticed a dread lich
122449 | Crypt:3  | Killed a dread lich
122558 | Crypt:3  | Reached skill level 27 in Spellcasting
123066 | Depths:2 | Learned a level 9 spell: Polar Vortex
123777 | Hell     | Reached XP level 25. HP: 180/212 MP: 61/61
124008 | Hell     | Killed Geryon
124269 | Hell     | Found a gateway to the Iron City of Dis.
124306 | Hell     | Found a gateway to the ashen valley of Gehenna.
124360 | Hell     | Found a gateway to the decaying netherworld of Tartarus.
124443 | Hell     | Found a gateway to the freezing wastes of Cocytus.
124664 | Zot:1    | Entered Level 1 of the Realm of Zot
126252 | Zot:2    | Reached skill level 10 in Earth Magic
126551 | Zot:2    | Reached skill level 15 in Ice Magic
127483 | Zot:3    | Found the +4 dragonskin cloak
127483 | Zot:3    | Noticed Tiamat
128928 | Zot:3    | Identified the +4 leather armour "Osufeepa" {rElec rF-
                  | Str+10}
129169 | Zot:3    | You are sucked into a shaft and drop 1 floor!
129382 | Zot:3    | Killed Tiamat
129593 | Zot:3    | Identified the ring of Uhoaf {Str+6 Int+4 Stlth+}
129619 | Zot:3    | Identified the +0 pair of boots of the Stonemason {-Cast
                  | Will++ Regen+ Stlth+}
130060 | Zot:3    | Identified the +9 mace "Lixki" {venom, rCorr Str+2 Dex+3}
130062 | Zot:3    | Identified the +1 acid dragon scales "Osakhlatt" {rElec rC-
                  | rCorr Str-2 Stlth+}
130621 | Zot:4    | Reached XP level 26. HP: 218/221 MP: 41/61
131961 | D:13     | Acquired 974 gold pieces
132583 | Zot:5    | Entered Level 5 of the Realm of Zot
133064 | Zot:5    | Identified the +6 mace "Grim Tooth" {vorpal, rN+ Will+
                  | Dex-4 Stlth+}
133149 | Zot:5    | Noticed a dread lich
133190 | Zot:5    | Noticed an ancient lich
133197 | Zot:5    | Killed an ancient lich
133367 | Zot:5    | Noticed an orb of fire
133374 | Zot:5    | Killed an orb of fire
133891 | Crypt:1  | Killed Ulecsuczon's ghost
133926 | Crypt:1  | Got the Tome of Blistering Confrontation
133928 | Crypt:1  | Identified the +0 hat "Yzomekot" {Int+3}
134303 | Depths:3 | Voluntarily entered the Abyss.
134865 | Depths:3 | Escaped the Abyss
134937 | Depths:3 | Voluntarily entered the Abyss.
134937 | Abyss:1  | Noticed an ancient lich
134942 | Abyss:1  | Killed an ancient lich
135190 | Abyss:1  | Noticed an ancient lich
135216 | Abyss:1  | Killed an ancient lich
135374 | Depths:3 | Escaped the Abyss
135969 | Crypt:3  | Killed an ancient lich
136401 | Depths:3 | Voluntarily entered the Abyss.
136928 | Abyss:3  | Gained mutation: Your body sometimes deteriorates upon
                  | taking damage. [a cacodemon]
137240 | Depths:3 | Escaped the Abyss
137590 | Tomb:1   | Entered Level 1 of the Tomb of the Ancients
137716 | Tomb:1   | Identified the +5 quarterstaff of Wive {elec, *Noise Drain
                  | rF+++ Dex+4}
138366 | Depths:3 | Lost mutation: Your body sometimes deteriorates upon taking
                  | damage. [potion of mutation]
138366 | Depths:3 | Lost mutation: Your mind is acute. (Int +2) [potion of
                  | mutation]
138366 | Depths:3 | Gained mutation: You expend magic power (3 MP) to
                  | strengthen your wands. [potion of mutation]
138366 | Depths:3 | Gained mutation: You are dopey. (Int -2) [potion of
                  | mutation]
138366 | Depths:3 | Lost mutation: You are dopey. (Int -2) [potion of mutation]
138366 | Depths:3 | Gained mutation: You are somewhat resistant to further
                  | mutation. [potion of mutation]
138368 | Depths:3 | Voluntarily entered the Abyss.
139215 | Depths:3 | Escaped the Abyss
139258 | Depths:3 | Voluntarily entered the Abyss.
139323 | Abyss:1  | Noticed an ancient lich
139338 | Depths:3 | Escaped the Abyss
139340 | Depths:3 | Voluntarily entered the Abyss.
139937 | Depths:3 | Escaped the Abyss
140362 | Slime:1  | Entered Level 1 of the Pits of Slime
141005 | Depths:3 | Voluntarily entered the Abyss.
141032 | Abyss:1  | Killed an ancient lich
141044 | Abyss:1  | Noticed a dread lich
141472 | Abyss:2  | Noticed a dread lich
141475 | Abyss:2  | Noticed a dread lich
141479 | Abyss:2  | Killed a dread lich
141486 | Abyss:2  | Paralysed by something for 7 turns
141486 | Abyss:2  | Killed a dread lich
141494 | Depths:3 | Escaped the Abyss
142800 | Slime:5  | Entered Level 5 of the Pits of Slime
143584 | Slime:3  | Paralysed by a great orb of eyes for 4 turns
144283 | Slime:5  | Noticed the Royal Jelly
144741 | Slime:4  | Noticed Dissolution
144746 | Slime:4  | Killed Dissolution
145775 | Slime:5  | Killed the Royal Jelly
145776 | Slime:5  | Reached skill level 10 in Armour
145942 | Slime:5  | Identified the ring "Mun Poef" {rElec rF+}
145973 | Slime:5  | Got a slimy rune of Zot
145991 | Slime:5  | Identified the ring of Xoofubiw {rElec rC+ Int-5 Dex+6
                  | Slay+5}
146139 | Slime:5  | Identified the +6 dagger "Kuetuacy" {vorpal, rF++ Str+4
                  | Stlth+}
146146 | Slime:5  | Identified the +1 war axe of the Candle {vamp, Int+3}
146158 | Slime:5  | Identified the +5 war axe "Uphifay" {protect, rPois}
146431 | D:13     | Learned a level 6 spell: Iron Shot
146780 | Geh:1    | Entered Level 1 of Gehenna
147319 | Geh:2    | You fall into a shaft and drop 2 floors!
147524 | Geh:2    | Reached XP level 27. HP: 82/227 MP: 7/61
150053 | Geh:7    | Entered Level 7 of Gehenna
150539 | Tomb:1   | Reached skill level 15 in Earth Magic
152228 | Zot:5    | Noticed an orb of fire
152380 | Zot:5    | Killed an orb of fire
152412 | Zot:5    | Noticed an ancient lich
152438 | Zot:5    | Killed an ancient lich
152498 | Zot:5    | Noticed a dread lich
152514 | Zot:5    | Killed a dread lich
152668 | Zot:5    | Noticed an ancient lich
152671 | Zot:5    | Noticed an orb of fire
152678 | Zot:5    | Noticed an orb of fire
152680 | Zot:5    | Noticed an ancient lich
152680 | Zot:5    | Noticed a dread lich
152680 | Zot:5    | Noticed an orb of fire
152681 | Zot:5    | Noticed an orb of fire
152694 | Zot:5    | Gained mutation: You tend to lose your temper in combat.
                  | [an orb of fire]
152696 | Zot:5    | Gained mutation: You often lose your temper in combat. [an
                  | orb of fire]
152712 | Zot:5    | Lost mutation: You are somewhat resistant to further
                  | mutation. [potion of mutation]
152712 | Zot:5    | Lost mutation: You have a pair of small horns on your head.
                  | [potion of mutation]
152712 | Zot:5    | Lost mutation: You expend magic power (3 MP) to strengthen
                  | your wands. [potion of mutation]
152712 | Zot:5    | Lost mutation: You often lose your temper in combat.
                  | [potion of mutation]
152712 | Zot:5    | Gained mutation: You are resistant to electric shocks.
                  | (rElec) [potion of mutation]
152712 | Zot:5    | Gained mutation: You are partially covered in iridescent
                  | scales. (AC +2) [potion of mutation]
152713 | Zot:5    | Lost mutation: You are resistant to electric shocks.
                  | (rElec) [potion of mutation]
152713 | Zot:5    | Lost mutation: You tend to lose your temper in combat.
                  | [potion of mutation]
152713 | Zot:5    | Gained mutation: You possess an exceptional clarity of
                  | mind. [potion of mutation]
152713 | Zot:5    | Gained mutation: You are frail. (-10% HP) [potion of
                  | mutation]
152713 | Zot:5    | Gained mutation: You are mostly covered in iridescent
                  | scales. (AC +4) [potion of mutation]
152714 | Zot:5    | Lost mutation: You are frail. (-10% HP) [potion of
                  | mutation]
152714 | Zot:5    | Lost mutation: You possess an exceptional clarity of mind.
                  | [potion of mutation]
152714 | Zot:5    | Lost mutation: You are mostly covered in iridescent scales.
                  | (AC +4) [potion of mutation]
152714 | Zot:5    | Gained mutation: You are strong-willed. (Will+) [potion of
                  | mutation]
152716 | Zot:5    | Gained mutation: Your spells are a little easier to cast,
                  | but a little less powerful. [an orb of fire]
152896 | Zot:5    | Gained mutation: Your body sometimes deteriorates upon
                  | taking damage. [an orb of fire]
152902 | Zot:5    | Killed an orb of fire
152922 | Zot:4    | Lost mutation: Your body sometimes deteriorates upon taking
                  | damage. [potion of mutation]
152922 | Zot:4    | Lost mutation: You are strong-willed. (Will+) [potion of
                  | mutation]
152922 | Zot:4    | Lost mutation: Your spells are a little easier to cast, but
                  | a little less powerful. [potion of mutation]
152922 | Zot:4    | Gained mutation: You are mostly covered in iridescent
                  | scales. (AC +4) [potion of mutation]
152922 | Zot:4    | Gained mutation: You have a pair of small horns on your
                  | head. [potion of mutation]
153355 | Orc:2    | Bought the -2 hat of the Alchemist {rElec rPois rF+ rC+ rN+
                  | Will+ rMut rCorr} for 1416 gold pieces
153355 | Orc:2    | Found the -2 hat of the Alchemist {rElec rPois rF+ rC+ rN+
                  | Will+ rMut rCorr}
153594 | D:13     | Learned a level 9 spell: Shatter
154117 | Depths:3 | Voluntarily entered the Abyss.
154445 | Abyss:1  | Killed a dread lich
154451 | Depths:3 | Escaped the Abyss
154543 | Depths:3 | Voluntarily entered the Abyss.
154998 | Abyss:3  | Gained mutation: You are weak. (Str -2) [a neqoxec]
155401 | Abyss:3  | HP: 1/225 [wretched star/lance of force (30)]
155756 | Abyss:3  | HP: 10/225 [harpy skeleton (7)]
155828 | Depths:3 | Escaped the Abyss
155968 | Zig:1    | Entered Level 1 of a ziggurat
156001 | Zig:2    | Entered Level 2 of a ziggurat
156052 | Zig:3    | Entered Level 3 of a ziggurat
156102 | Zig:4    | Entered Level 4 of a ziggurat
156148 | Zig:5    | Entered Level 5 of a ziggurat
156151 | Zig:5    | Noticed an ancient lich
156157 | Zig:5    | Killed an ancient lich
156260 | Zig:5    | Identified the +9 flail "Butzechi" {vorpal, Int+3}
156270 | Zig:6    | Entered Level 6 of a ziggurat
156416 | Zig:6    | Identified the +3 ring mail of Supple Strength {Harm rElec
                  | Dex-2}
156420 | Zig:7    | Entered Level 7 of a ziggurat
156540 | Zig:7    | Identified the amulet of False Pretenses {Reflect rElec
                  | rPois rN+ SH+5}
156562 | Zig:8    | Entered Level 8 of a ziggurat
156706 | Zig:8    | Identified the +2 ring mail of Meshrut {Str+4}
156731 | Zig:8    | Identified the +2 robe of Fashionability {rF++}
156736 | Zig:9    | Entered Level 9 of a ziggurat
156741 | Zig:9    | Noticed Ycet Ycy the pandemonium lord
156747 | Zig:9    | Killed Ycet Ycy the pandemonium lord
156919 | Zig:9    | Identified the +0 scale mail of Xytey {rN+}
156922 | Zig:9    | Identified the amulet of Desip {RegenMP +Blink rPois rC++
                  | Dex-3}
156947 | Zig:10   | Entered Level 10 of a ziggurat
157060 | Zig:10   | Identified the +9 halberd of Squeaky Innocence {freeze,
                  | rElec Will++ Dex-5}
157066 | Zig:11   | Entered Level 11 of a ziggurat
157072 | Zig:11   | Noticed Ezusch the pandemonium lord
157078 | Zig:11   | Killed Ezusch the pandemonium lord
157297 | Zig:11   | Got the Tome of the Blaze
157336 | Zig:11   | Identified the +3 short sword of Pestilence {vorpal, *Noise
                  | Str+6}
157339 | Zig:12   | Entered Level 12 of a ziggurat
157350 | Zig:12   | Noticed Zaclos the pandemonium lord
157356 | Zig:12   | Killed Zaclos the pandemonium lord
157368 | Zig:12   | Found the +3 robe of Clouds {*Thunder rCloud rElec}
157594 | Zig:12   | Learned a level 9 spell: Fire Storm
157595 | Zig:13   | Entered Level 13 of a ziggurat
157607 | Zig:13   | Reached skill level 1 in Fire Magic
157836 | Zig:13   | Identified the +7 short sword of Hacluasm {flame, rN++
                  | Will+}
157838 | Zig:13   | Lost mutation: You are mostly covered in iridescent scales.
                  | (AC +4) [potion of mutation]
157838 | Zig:13   | Lost mutation: You are weak. (Str -2) [potion of mutation]
157838 | Zig:13   | Lost mutation: You have a pair of small horns on your head.
                  | [potion of mutation]
157838 | Zig:13   | Gained mutation: You are mostly covered in iridescent
                  | scales. (AC +4) [potion of mutation]
157840 | Zig:13   | Reached skill level 5 in Fire Magic
157841 | Zig:13   | Reached skill level 15 in Armour
157843 | Zig:14   | Entered Level 14 of a ziggurat
157858 | Zig:14   | Noticed Peloso's ghost (legendary MiFi)
157859 | Zig:14   | Noticed P0WERM0DE's ghost (veteran DrIE)
157862 | Zig:14   | Noticed Peloso's ghost (legendary MiFi)
157863 | Zig:14   | Noticed DildoBatman's ghost (legendary FoCj)
157871 | Zig:14   | Slain by Peloso's ghost

Illustrated notes

Levels and vault maps discovered:
D:1:      lightli_arrival_windingriver, layout_basic,
          hellmonk_ecumenical_altar_watching_god
D:2:      layout_loops_ring
D:3:      layout_loops_corners, grunt_decor_mini_mirrors, minivault_5
D:4:      layout_gridville, chequers_temple_overflow_statue_of_worship,
          uniq_blork_the_orc, uniq_pikel, uniq_edmund
D:5:      layout_basic, mainiacjoe_overflow_24_doors,
          mainiacjoe_overflow_small_starburst, serial_bayou_pond_d,
          uniq_crazy_yiuf_cottage
D:6:      layout_basic, serial_co_window_serial, co_window_of_opportunity_a,
          co_window_corner_a, co_window_of_opportunity_a, co_window_corner_a,
          co_window_corner_a, co_window_broadway_c, co_window_unsneaky_path_b,
          co_window_of_opportunity_b, co_window_sun, co_window_4corner_b,
          glass_columns_c, glass_columns_a, uniq_eustachio, uniq_duvessa
D:7:      layout_basic, minmay_temple_entry_mini_moons, gammafunk_ghost_cemetery
D:8:      layout_loops_ring, ebering_ghost_disaster_area, uniq_erica
D:9:      layout_basic, lair_entry_dummy, uniq_maurice
D:10:     layout_basic, chequers_serial_rivers_large_b, hangedman_decor_points,
          chequers_serial_rivers_room_b, bh_circular_ruins, uniq_psyche,
          uniq_harold
D:11:     layout_roguey, hellmonk_guarded_unrand_cigotuvi, uniq_fannar
D:12:     layout_long_grid, hiddenorc2_lemuel, elyvilon_altar_3, uniq_jorgrun,
          uniq_azrael, uniq_gastronok
D:13:     layout_loops_ring, david_vaults_2, serial_ice, serial_ice_d,
          serial_ice_h, serial_ice_i, serial_ice_o, serial_ice_g,
          portal_ice_cave_entry_ice_simulacra, minmay_three_doors
D:14:     layout_big_octagon, hangedman_abyss_or_decor_stabs
D:15:     grunt_enter_depths_hoard, layout_cave_pods, okawaru_metal_pillars_1_2,
          evilmike_butchery
Temple:   regret_index_temple_sphere_string
Lair:1:   layout_small_grid, grunt_forest_small_clearings, nzn_sisyphean_effort
Lair:2:   beast_lair_carwin_large_4, layout_regular_city,
          minmay_swamp_entry_worms, minmay_snake_entry_guardpost_medium
Lair:3:   layout_regular_city, beast_lair_carwin_2, grunt_megastairs_4,
          lemuel_fruit_tree
Lair:4:   layout_hall_layers, grunt_megastairs_5
Lair:5:   beast_lair_carwin_large_1, layout_cave_pods, serial_bayou_shore_a
Lair:6:   minmay_lair_end_enchanted_forest, layout_gridlike, slime_altar_2,
          gauntlet_entry_generic, nicolae_lair_lil_pond, grunt_megastairs_2,
          infiniplex_staircase_pool
Swamp:1:  layout_basic_swamp, hangedman_swamp_blocks
Swamp:2:  nicolae_swamp_flooded_prison, layout_basic_swamp,
          nicolae_swamp_round_clearing
Swamp:3:  layout_falls_marsh, infiniplex_staircase_pool_2, swamp_pool1
Swamp:4:  swamp_basic_johnstein, layout_basic_swamp,
          hellmonk_ghost_happy_afterlife, swamp_pool4
Snake:1:  layout_onion, grunt_megastairs_1, uniq_asterion
Snake:2:  layout_misc_corridors, serial_shops, nicolae_shop_advertising_works
          [nicolae_subvault_shop_adworks], grunt_megastairs_3
Snake:3:  layout_chambers, uniq_aizul
Snake:4:  johnstein_snake_rune_scales, layout_basic, basic_altar, drop_trap,
          nicolae_fountain_basement, serial_bayou_shore_b
Slime:1:  layout_caves
Slime:2:  layout_caves
Slime:3:  layout_caves
Slime:4:  layout_caves, uniq_dissolution
Slime:5
Orc:1:    layout_diamond_mine, uniq_nergalle
Orc:2:    st_orc_ogre_mass, layout_diamond_mine
Elf:1:    minmay_elf_arrival_circle, layout_loops_corners, orc_legates,
          billiards_dpeg
Elf:2:    nicolae_elf_blades_splatter_lattice [mumra_blade_entry_bloodbath],
          layout_rooms, portal_desolation_entry_nicolae_menacing_earthworks,
          uniq_agnes, uniq_roxanne
Elf:3:    elf_hall_gauntlet_narrow, layout_geoelf_castle, serial_shops,
          shop_fountains, shop, shop_scrolls, nicolae_shop_overgrown_old_shop,
          shop, basic_altar, grunt_ministairs_5
Vaults:1: ontoclasm_vaults_ring_square, nicolae_vaults_little_squares_6,
          nicolae_vaults_arrows, vaults_room_fancy_cross, v_misc_5,
          vaults_dpeg_diagonal, vaults_room_stairs_pillars,
          ontoclasm_vaults_spin, nicolae_vaults_windows_and_doors_thing,
          nicolae_vaults_meeting, vaults_room_boxed, v_misc_15, v_pattern_5,
          nicolae_vaults_hallways_thing, ontoclasm_vaults_shuriken,
          ontoclasm_vaults_twist, layout_vaults_maze_bifur
Vaults:2: vaults_dpeg_cross, nicolae_vaults_twisting_passages, v_misc_26,
          vaults_standard_mumra_enter_the_diamond, ontoclasm_vaults_eye,
          ontoclasm_vaults_ligature, v_misc_26, v_alt_pattern_3,
          dpeg_vaults_monster_box, v_misc_16, ontoclasm_vaults_idyll, v_misc_22,
          ontoclasm_vaults_pinch, ontoclasm_vaults_misaligned,
          ontoclasm_vaults_idyll, nicolae_vaults_specimen_jars,
          layout_vaults_omnibox, minmay_crypt_entry_simple_statues,
          serial_shops, bzr_firewalk, serial_hangedman_research,
          hangedman_research_pyrotechnics, uniq_margery, uniq_sojobo,
          uniq_xtahua
Vaults:3: ontoclasm_vaults_ring_large, hangedman_vaults_snaps, st_star,
          v_misc_14, v_misc_29, hangedman_vaults_pinch, v_alt_pattern_5,
          layout_vaults_big_room, serial_shops,
          nicolae_shop_temple_entry_statues_fountains, uniq_bai_suzhen,
          uniq_frederick, uniq_mara
Vaults:4: gammafunk_ghost_wrathful_warriors, nicolae_vaults_angled_halls,
          vaults_mumra_chevron_long, vaults_room_corners, v_pattern_1, st_lines,
          nicolae_vaults_yaktaur_gun_rack, layout_vaults_quadrants
Vaults:5
Crypt:1:  layout_catacombs, gammafunk_ghost_arena, st_stairs_10
Crypt:2:  layout_gridlike, nrook_guardian_serpent_ordinary
Crypt:3:  david_glass_crypt, layout_chaotic_city, door_vault
Tomb:1
Depths:1: layout_basic, enter_ziggurat_e, hell_entry,
          minmay_checkered_concentric_circles, minmay_shop_star
Depths:2: minmay_expanding_squares, layout_basic, rand_demon_pan_entry_9,
          pf_coc_iceberg, hangedman_decor_peaks_small, minmay_microvault,
          infiniplex_staircase_spiral, serial_bayou_shore_b
Depths:3: kennysheep_bubble_arena, layout_gridlike, serial_shops,
          nicolae_shop_hallway_plus, minmay_room_of_horrors, hell_entry
Depths:4: evilmike_zot_entry_diamond, layout_basic, grunt_metal_band,
          uniq_saint_roka, uniq_boris, uniq_mennas
Hell
Geh:1:    layout_gehenna_pools_basic, nicolae_geh_fiery_graves
          [nicolae_geh_single_fiery_grave, nicolae_geh_single_fiery_grave,
          nicolae_geh_single_fiery_grave, nicolae_geh_single_fiery_grave,
          nicolae_geh_single_fiery_grave, nicolae_geh_single_fiery_grave,
          nicolae_geh_single_fiery_grave, nicolae_geh_single_fiery_grave,
          nicolae_geh_single_fiery_grave]
Geh:2:    layout_gehenna_lava_caves, nicolae_geh_lavax
Geh:3:    layout_gehenna_lava_caves
Geh:4:    layout_gehenna_pools_triple
Geh:5:    layout_gehenna_pools_basic, lemuel_old_faithful
Geh:6:    layout_gehenna_pools_basic
Geh:7:    geh_grunt
Zot:1:    layout_cellular_growth
Zot:2:    layout_gridlike
Zot:3:    layout_gridlike, st_grand_hoard_of_tiamat
Zot:4:    layout_basic
Zot:5:    layout_basic
Zig:14

Skill      XL: |  1  2  3  4  5  6  7  8  9 10 11 12 13 14 15 16 17 18 19 20 21 22 23 24 25 26 27 |
---------------+----------------------------------------------------------------------------------+-----
Spellcasting   | 2 3 4 5 6 8 9 12 14 15 16 18 19 20 22 25 26 27 | 27.0
Conjurations   | 4 5 6 8 12 15 17 18 | 18.0
Fighting       | 5 6 8 12 13 15 | 15.0
Poison Magic   | 1 3 |  3.0
Translocations | 1 3 |  3.0
Evocations     | 3 5 6 8 9 11 12 13 15 18 19 20 | 20.0
Ice Magic      | 5 7 9 10 11 12 13 18 19 20 | 20.0
Earth Magic    | 5 8 10 13 19 | 19.0
Armour         | 5 10 15 | 15.0
Fire Magic     | 7 |  7.9
Dodging        | |  1.7
Stealth        | |  1.7

Action                   |  1- 3 |  4- 6 |  7- 9 | 10-12 | 13-15 | 16-18 | 19-21 | 22-24 | 25-27 || total
-------------------------+-------+-------+-------+-------+-------+-------+-------+-------+-------++-------
Melee: Dagger            |       |    35 |    31 |       |       |       |       |       |       ||    66
       Punch             |       |       |     4 |       |       |       |       |       |       ||     4
       Falchion          |       |       |     5 |       |       |       |       |       |       ||     5
       Battleaxe         |       |       |     2 |    21 |       |       |       |       |       ||    23
       Spear             |       |       |       |   183 |   288 |    88 |       |       |       ||   559
       Long sword        |       |       |       |       |       |       |    57 |       |       ||    57
       Trident           |       |       |       |       |       |       |    80 |    89 |   402 ||   571
       Headbutt          |       |       |       |       |       |       |    11 |    21 |   133 ||   165
Throw: Dart              |       |       |       |     6 |     1 |       |       |       |       ||     7
       Javelin           |       |       |       |     6 |       |     1 |       |       |     2 ||     9
       Throwing net      |       |       |       |       |     1 |       |       |       |       ||     1
 Cast: Magic Dart        |    76 |   103 |   117 |   109 |    41 |    17 |       |       |       ||   463
       Searing Ray       |     1 |    17 |    38 |    61 |    55 |     1 |       |       |       ||   173
       Iskenderun's Myst |       |       |    19 |   150 |   264 |   164 |   117 |   167 |    82 ||   963
       Olgreb's Toxic Ra |       |       |     2 |    37 |    91 |     6 |       |       |       ||   136
       Hailstorm         |       |       |       |       |    24 |    54 |     6 |     2 |       ||    86
       Stone Arrow       |       |       |       |       |   356 |   847 |   373 |   302 |   224 ||  2102
       Mephitic Cloud    |       |       |       |       |     8 |       |     2 |       |       ||    10
       Ignite Poison     |       |       |       |       |     1 |       |       |       |       ||     1
       Orb of Destructio |       |       |       |       |    16 |    70 |   181 |   179 |   246 ||   692
       Freezing Cloud    |       |       |       |       |       |    41 |     4 |       |       ||    45
       Lee's Rapid Decon |       |       |       |       |       |    23 |    20 |   119 |    19 ||   181
       Ozocubu's Refrige |       |       |       |       |       |     2 |   158 |   172 |   354 ||   686
       Borgnjor's Vile C |       |       |       |       |       |       |     6 |    49 |    12 ||    67
       Lehudib's Crystal |       |       |       |       |       |       |       |    20 |   279 ||   299
       Spellforged Servi |       |       |       |       |       |       |       |     1 |    15 ||    16
       Iron Shot         |       |       |       |       |       |       |       |       |   113 ||   113
       Polar Vortex      |       |       |       |       |       |       |       |       |    12 ||    12
       Shatter           |       |       |       |       |       |       |       |       |    24 ||    24
 Abil: Evoke Blink       |       |       |       |       |       |       |     1 |       |       ||     1
Evoke: Wand              |       |       |       |     1 |     7 |     3 |     1 |     3 |    13 ||    28
       Phantom mirror    |       |       |       |       |       |     1 |       |     2 |     1 ||     4
       Lightning rod     |       |       |       |       |       |     4 |     5 |     3 |     7 ||    19
       Phial of floods   |       |       |       |       |       |     1 |       |     2 |     3 ||     6
       Condenser vane    |       |       |       |       |       |       |       |     1 |     3 ||     4
       Box of beasts     |       |       |       |       |       |       |       |       |     6 ||     6
       Horn of Geryon    |       |       |       |       |       |       |       |       |     2 ||     2
  Use: Scroll            |       |       |       |    13 |    15 |     9 |    10 |    10 |    16 ||    73
       Potion            |       |       |       |       |     1 |     2 |     1 |     4 |    17 ||    25
 Stab: Paralysed         |       |       |       |     6 |       |       |       |       |     4 ||    10
       Distracted        |       |       |       |       |       |       |       |       |     2 ||     2
Armor: Robe              |     1 |     4 |     7 |    79 |    92 |       |       |       |       ||   183
       Leather armour    |       |       |       |       |    21 |   153 |   132 |   119 |    68 ||   493
       Scale mail        |       |       |       |       |       |       |       |       |   304 ||   304
       Quicksilver drago |       |       |       |       |       |       |       |       |   171 ||   171
Dodge: Dodged            |     6 |    46 |    74 |   316 |   333 |   259 |   224 |   226 |   450 ||  1934
       Repelled          |       |       |       |     1 |    13 |     4 |    14 |    11 |    13 ||    56
Block: Buckler           |       |       |       |    80 |    92 |    84 |    73 |    68 |   199 ||   596
